 Dungeon Crawl Stone Soup version 0.27.0-1-g7a089689b8 (webtiles) character file.

Game seed: 8808385939691135936

52 theswoord the Twirler (level 3, -1/27 HPs)
             Began as a Demonspawn Gladiator on Aug 5, 2021.
             Slain by a gnoll (7 damage)
             ... on level 2 of the Dungeon.
             The game lasted 00:02:39 (1411 turns).

theswoord the Twirler (Demonspawn Gladiator)        Turns: 1411, Time: 00:02:40

Health: -1/27      AC:  9    Str: 15    XL:     3   Next: 60%
Magic:  3/3        EV:  7    Int:  9    God:
Gold:   60         SH:  0    Dex: 14    Spells: 2/2 levels left

rFire    + . .     SeeInvis .   l - +1 lajatang (vamp)
rCold    + . .     Faith    .   (shield currently unavailable)
rNeg     . . .     Spirit   .   h - +0 chain mail
rPois    +         Reflect  .   c - +0 helmet
rElec    +         Harm     .   (no cloak)
rCorr    +         Rampage  .   (no gloves)
Will     .....                  (no boots)
Stlth    ..........             (no amulet)
HPRegen  0.09/turn              (no ring)
MPRegen  0.08/turn              (no ring)

@: resistant
A: demonic magic 1
a: no special abilities


You were on level 2 of the Dungeon.
You visited 1 branch of the dungeon, and saw 2 of its levels.

You collected 60 gold pieces.

Inventory:

Hand Weapons
 a - a +0 quarterstaff
 e - a +2 lajatang of distortion
 l - a +1 vampiric lajatang (weapon)
Missiles
 d - 3 throwing nets (quivered)
Armour
 b - a +0 leather armour
 c - a +0 helmet (worn)
 h - a +0 chain mail (worn)
Jewellery
 k - the amulet "Memy" {Faith rPois Regen+ Str-5}
   (You acquired it on level 2 of the Dungeon)

   [amulet of faith]

   It allows you to gain divine favour quickly.
   Str:       It affects your strength (-5).
   rPois:     It protects you from poison.
   Regen:     It increases your rate of health regeneration.
Scrolls
 f - a scroll of magic mapping {unknown}
 i - a scroll of teleportation {unknown}
 m - 2 scrolls of vulnerability {unknown}


   Skills:
 - Level 2.0 Fighting
 + Level 4.2 Staves
 - Level 1.7 Throwing
 - Level 2.6 Dodging


You had 2 spell levels left.
You didn't know any spells.
Your spell library was empty.

Dungeon Overview and Level Annotations

Branches:
Dungeon (2/15)

Altars:


Innate Abilities, Weirdness & Mutations

Spells you cast may paralyse adjacent enemies.


Message History

You aren't carrying any potions.
Sorry, you're not good enough to have a special ability.
Unknown command.
You slice the ball python!!
You feel better.
You kill the ball python!
The hobgoblin closely misses you.
You slash the hobgoblin!
You feel better.
You kill the hobgoblin!
The gnoll hits you from afar with a +0 halberd.
The gnoll barely misses you.
You see here a ball python corpse.
You hit the gnoll.
You feel better.
You kill the gnoll!
You hit the kobold.
You feel better.
You kill the kobold!
You hit the gnoll.
The gnoll is lightly wounded.
The gnoll hits you but does no damage.
The gnoll hits you from afar with a +0 spear.
The gnoll hits you with a +0 club.
You slash the gnoll!
You feel better.
The gnoll is almost dead.
The gnoll hits you from afar with a +0 spear.
The gnoll hits you with a +0 club.
* * * LOW HITPOINT WARNING * * *
The gnoll barely misses you.
You closely miss the gnoll.
The gnoll is almost dead.
The gnoll closely misses you. x2
You hit the gnoll but do no damage.
The gnoll is severely wounded.
The gnoll hits you with a +0 club.
* * * LOW HITPOINT WARNING * * *
The gnoll hits you but does no damage.
You barely miss the gnoll.
The gnoll is severely wounded.
The gnoll hits you with a +0 club.
* * * LOW HITPOINT WARNING * * *
The gnoll hits you from afar with a +0 spear!
You die...

##.....# ##...#...#
#.##..# ##.....:#
#.##†.# ##>>.#####
#.##..# ###....#
#.##..# ###......#
#.##..# #.......##
#.##..###..#..###
..##.......#.##
.....#)...#@#
###....###g#
#....#..##g######
#.........g.......
...#.####..########
.. #. #..## . .
#...#### .#
#......# #.#g##..#


You could see 3 gnolls.

Vanquished Creatures
  A gnoll (D:2)
  A ball python (D:2)
  4 bats
  5 endoplasms
  A giant cockroach (D:1)
  4 goblins (D:1)
  3 hobgoblins
  7 jackals
  4 kobolds
  A quokka (D:1)
  2 frilled lizards (D:1)
  3 rats (D:1)
36 creatures vanquished.

Notes
Turn   | Place    | Note
-------+----------+-------------------------------------------
     0 | D:1      | theswoord the Demonspawn Gladiator began the quest for the
                  | Orb.
     0 | D:1      | Reached XP level 1. HP: 16/16 MP: 1/1
    35 | D:1      | Reached skill level 3 in Staves
   200 | D:1      | Gained mutation: Spells you cast may paralyse adjacent
                  | enemies. [demonic ancestry]
   200 | D:1      | Reached XP level 2. HP: 22/22 MP: 2/2
   477 | D:1      | Found a faded altar of an unknown god.
  1191 | D:2      | Identified 3 scrolls of acquirement
  1191 | D:2      | Acquired the amulet "Memy" {Faith rPois Regen+ Str-5}
  1270 | D:1      | Reached XP level 3. HP: 24/27 MP: 3/3
  1287 | D:1      | Acquired a +1 vampiric lajatang
  1288 | D:1      | Acquired a +2 lajatang of distortion
  1329 | D:2      | Reached skill level 4 in Staves
  1411 | D:2      | Slain by a gnoll

Skill      XL: |  1  2  3 |
---------------+----------+-----
Staves         | 3 4 |  4.2
Fighting       | |  2.0
Throwing       | |  1.7
Dodging        | |  2.6

Action                   || total
-------------------------++-------
Melee: Quarterstaff      ||    58
       Lajatang          ||    29
  Use: Scroll            ||     3
       Potion            ||     2
 Stab: Sleeping          ||     2
Armor: Leather armour    ||     8
       Chain mail        ||    60
Dodge: Dodged            ||    49

Levels and vault maps discovered:
D:1:      giann_horns, layout_basic, hellmonk_ecumenical_altar_crossroads,
          hangedman_decor_clover_reticule
D:2:      minmay_wonky_spiral, layout_rooms, uniq_robin, uniq_crazy_yiuf_cottage
